Selects Advanced Infantry Battlegroup
Selects Convert to Ranger Squad
Construct Medical Station
Selects Frontline Medical Station
Frontline Medical Station
Selects Ranger Weapon Training
M1918 Browning Automatic Rifles
Selects Artillery Observers
Selects M2A1 105mm Howitzer Emplacement
Selects 155mm Rapid Artillery Barrage
155mm Rapid Artillery Barrage
M18 Hellcat Tank Destroyer
M18 Hellcat Tank Destroyer
M18 Hellcat Tank Destroyer
155mm Rapid Artillery Barrage
M18 Hellcat Tank Destroyer